 Dungeon Crawl Stone Soup version 0.29-a0-321-gf1c400731a (webtiles) character file.

Game seed: 10016714372084841985

396 zishaf the Sneak (level 7, -1/38 HPs)
             Began as a Kobold Enchanter on Apr 4, 2022.
             Slain by a lemure (7 damage)
             ... led by Pikel
             ... on level 3 of the Dungeon.
             The game lasted 00:05:01 (2423 turns).

zishaf the Sneak (Kobold Enchanter)                 Turns: 2423, Time: 00:05:01

Health: -1/38      AC:  6    Str:  6    XL:     7   Next: 9%
Magic:  1/10       EV: 16    Int: 18    God:
Gold:   188        SH:  0    Dex: 15    Spells: 2/10 levels left

rFire   . . .      SeeInvis .   a - +1 dagger
rCold   . . .      Faith    .   (no shield)
rNeg    . . .      Spirit   .   b - +0 robe
rPois   .          Reflect  .   (no helmet)
rElec   .          Harm     .   (no cloak)
rCorr   .          Rampage  .   (no gloves)
Will    .....                   (no boots)
Stlth   ++++......              (no amulet)
HPRegen 0.12/turn               d - +4 ring of protection
MPRegen 0.12/turn               (no ring)

@: no status effects
A: small, no large weapons, nightstalker 3
a: no special abilities


You were on level 3 of the Dungeon.
You visited 1 branch of the dungeon, and saw 4 of its levels.

You collected 188 gold pieces.

Inventory:

Hand Weapons
 a - a +1 dagger (weapon)
 r - a +0 vorpal hand crossbow
Missiles
 o - a throwing net (quivered)
Armour
 b - a +0 robe (worn)
Jewellery
 d - a +4 ring of protection (left hand)
Wands
 p - a wand of iceblast (3)
Scrolls
 e - a scroll of blinking {unknown}
 f - 2 scrolls of silence {unknown}
 g - 6 scrolls of identify {unknown}
 h - a scroll of enchant weapon {unknown}
 i - 2 scrolls of teleportation {unknown}
 k - a scroll of fear {unknown}
 s - a scroll of torment {unknown}
 t - 2 scrolls of enchant armour {unknown}
Potions
 c - 2 potions of invisibility
 j - a potion of curing {unknown}
 l - 2 potions of flight {unknown}
 m - a potion of magic {unknown}
 n - a potion of mutation {unknown}
 q - a potion of brilliance {unknown}
 u - a potion of heal wounds {unknown}


   Skills:
 + Level 1.5 Fighting
 + Level 4.4 Short Blades
 - Level 4.0 Dodging
 + Level 6.1 Stealth
 + Level 2.2 Spellcasting
 + Level 4.3 Hexes
 + Level 1.3 Ice Magic


You had 2 spell levels left.
You knew the following spells:

 Your Spells              Type           Power      Damage    Failure   Level
a - Ensorcelled Hibernat  Hex/Ice        24%        N/A       9%          2
b - Confusing Touch       Hex            17%        N/A       9%          3
c - Tukima's Dance        Hex            17%        N/A       9%          3

Your spell library contained the following spells:

 Spells                   Type           Power      Damage    Failure   Level
 Static Discharge         Conj/Air       2%         N/A       26%         2
 Dazzling Flash           Conj/Hex       18%        N/A       22%         3
 Dispel Undead            Necr           2%         3d7       87%         4
 Sticky Flame             Conj/Fire      2%         2d3       87%         4
 Lightning Bolt           Conj/Air       1%         1d12      99%         5
 Maxwell's Capacitive Co  Air            1%         ∞         100%        8


Dungeon Overview and Level Annotations

Branches:
Dungeon (4/15)
 Temple: D:4-7

Altars:
Sif Muna
Xom

Annotations:
D:4 Pikel


Innate Abilities, Weirdness & Mutations

You are small and have problems with some larger weapons.
You are completely attuned to the shadows.


Message History

The lemure attacks as you move away! The lemure completely misses you.
Casting: Ensorcelled Hibernation (safe; 9% risk of failure)
Confirm with . or Enter, or press ? or * to list all spells.
Aiming: Ensorcelled Hibernation (safe; 9% risk of failure)
Press: ? - help, Shift-Dir - straight line, f/p - lemure
Aim: a lemure (lightly wounded, chance to affect: 46%)
The lemure resists with some effort.
The lemure misses you.
There is an escape hatch in the floor here.
The lemure attacks as you move away! The lemure hits you but does no damage.
The lemure attacks as you move away! The lemure misses you.
The lemure attacks as you move away! The lemure barely misses you.
The lemure attacks as you move away! The lemure hits you but does no damage.
A quokka comes into view.
The quokka moves out of view.
The lemure attacks as you move away! The lemure closely misses you.
The lemure attacks as you move away! The lemure hits you.
The lemure attacks as you move away! The lemure closely misses you.
The lemure attacks as you move away! The lemure closely misses you.
Casting: Ensorcelled Hibernation (safe; 9% risk of failure)
Confirm with . or Enter, or press ? or * to list all spells.
Aiming: Ensorcelled Hibernation (safe; 9% risk of failure)
Press: ? - help, Shift-Dir - straight line, f/p - lemure
Aim: a lemure (chance to affect: 46%)
The lemure resists with some effort.
The lemure hits you.
You hit the lemure but do no damage. The lemure closely misses you.
You hit the lemure but do no damage. The lemure closely misses you.
You barely miss the lemure. You closely miss the lemure.
The lemure closely misses you.
You hit the lemure.
The lemure is lightly wounded.
The lemure hits you!
* * * LOW HITPOINT WARNING * * *
You hit the lemure.
The lemure is moderately wounded.
The lemure closely misses you. The lemure attacks as you move away!
The lemure misses you.
You miss the lemure.
The lemure is moderately wounded.
The lemure hits you!
You die...

#.#### ######.##..#### ##..≈ #.#
#...#....#######.. #.#
###...#........... #.######
#####...##..###>.. #.#....#
###).....####..##...
#.#....#######...####.# ##..#...
#.#............######.## ##....<
#.#<...#########.....>.# ##.#...
#.#....# #@5...#.####......
#.#...>##### #.....#...........
#....>.....# #............##...
#........<.# #.....##.###.##...
...........# #.....##..........
#..........#############.........
#...............##### ##........
#..........####...<.#####........
#..........## #####..#...........


You could see a lemure.

Vanquished Creatures
  Sigmund (D:2)
  A bullfrog (D:3)
  A scorpion (D:3)
  A jelly (D:4)
  Ijyb (D:3)
  2 adders (D:3)
  A dart slug (D:2)
  7 endoplasms
  3 giant cockroaches
  4 goblins
  4 hobgoblins
  4 kobolds
  3 quokkas
  7 ball pythons
  2 bats (D:3)
  4 frilled lizards
  6 rats
52 creatures vanquished.

Notes
Turn   | Place    | Note
-------+----------+-------------------------------------------
     0 | D:1      | zishaf the Kobold Enchanter began the quest for the Orb.
     0 | D:1      | Reached XP level 1. HP: 10/10 MP: 3/3
   260 | D:1      | Reached XP level 2. HP: 15/15 MP: 5/5
   407 | D:1      | Learned a level 2 spell: Ensorcelled Hibernation
   491 | D:1      | Reached XP level 3. HP: 15/19 MP: 6/6
  1444 | D:2      | Noticed Sigmund
  1448 | D:2      | Killed Sigmund
  1449 | D:2      | Reached skill level 5 in Stealth
  1449 | D:2      | Reached XP level 4. HP: 24/24 MP: 7/7
  1449 | D:2      | Reached XP level 5. HP: 28/28 MP: 8/8
  1449 | D:2      | Reached XP level 6. HP: 32/32 MP: 9/9
  1673 | D:3      | Noticed Ijyb
  1677 | D:3      | Killed Ijyb
  1722 | D:3      | Found a shimmering blue altar of Sif Muna.
  1734 | D:3      | Found a shimmering altar of Xom.
  1770 | D:3      | Reached skill level 1 in Fighting
  1770 | D:3      | Reached skill level 1 in Ice Magic
  1805 | D:3      | Reached skill level 6 in Stealth
  2103 | D:3      | Found a faded altar of an unknown god.
  2110 | D:3      | Reached XP level 7. HP: 38/38 MP: 10/10
  2169 | D:4      | Learned a level 3 spell: Confusing Touch
  2173 | D:4      | Learned a level 3 spell: Tukima's Dance
  2324 | D:4      | Noticed Pikel
  2423 | D:3      | Slain by a lemure

Illustrated notes

Levels and vault maps discovered:
D:1:      dpeg_arrival_concentric_ovals, layout_basic
D:2:      layout_rooms, uniq_sigmund
D:3:      layout_rooms, mainiacjoe_overflow_swirl,
          shapermc_ecumenical_altar_venn, grunt_decor_junction, uniq_ijyb
D:4:      layout_gridville, nicolae_ashenzari_skybound, uniq_pikel

Skill      XL: |  1  2  3  4  5  6 |
---------------+-------------------+-----
Short Blades   | 2 3 4 |  4.4
Dodging        | 4 |  4.0
Stealth        | 5 6 |  6.1
Hexes          | 4 |  4.3
Fighting       | 1 |  1.5
Ice Magic      | 1 |  1.3
Spellcasting   | |  2.2

Action                   |  1- 3 |  4- 6 |  7- 9 || total
-------------------------+-------+-------+-------++-------
Melee: Dagger            |    82 |    26 |    17 ||   125
       Punch             |     1 |       |       ||     1
 Cast: Ensorcelled Hiber |       |     1 |     9 ||    10
 Stab: Sleeping          |    17 |     9 |     2 ||    28
Armor: Robe              |    15 |     3 |     7 ||    25
Dodge: Dodged            |    51 |    10 |    40 ||   101

Table legend: (Time is in decaauts)
 A = Elapsed time spent in this place.
 B = Non-inter-level travel time spent in this place.
 C = Inter-level travel time spent in this place.
 D = Time resting spent in this place.
 E = Time spent auto-exploring this place.
 F = Levels seen in this place.
 G = Mean time per level.
                   A        B        C        D        E       F      G
               +--------+--------+--------+--------+--------+-----+--------+
         Total |   2404 |   2361 |     43 |      0 |   1928 |   4 |  601.0 |
       Dungeon |   2404 |   2361 |     43 |      0 |   1928 |   4 |  601.0 |
               +--------+--------+--------+--------+--------+-----+--------+

Top non-repeatable levels by time:
     D:1: 972 daAuts
     D:3: 754 daAuts
     D:2: 502 daAuts
     D:4: 175 daAuts
